 Dungeon Crawl Stone Soup version 0.21-a0-137-g951aa02 (webtiles) character file.

147 qqqbard the Shield-Bearer (level 5, -2/33 HPs)
             Began as a Gargoyle Fighter on July 18, 2017.
             Slain by a wight
             ... wielding a +4 dire flail of freezing
              (3 damage)
             ... on level 2 of the Dungeon.
             The game lasted 00:02:28 (1688 turns).

qqqbard the Shield-Bearer (Gargoyle Fighter)        Turns: 1688, Time: 00:02:28

Health: -2/33      AC: 11    Str: 21    XL:     5   Next: 29%
Magic:  5/5        EV:  8    Int:  8    God:
Gold:   37         SH:  9    Dex:  9    Spells: 4/4 levels left

rFire    . . .     SeeInvis .   a - +0 flail
rCold    . . .     Gourm    .   c - +0 shield
rNeg     + . .     Faith    .   b - +0 scale mail
rPois    ∞         Spirit   .   (no helmet)
rElec    +         Reflect  .   (no cloak)
rCorr    .         Harm     .   (no gloves)
MR       .....                  (no boots)
Stlth    ..........             (no amulet)
HPRegen  0.11/turn              (no ring)
MPRegen  0.09/turn              (no ring)

@: no status effects
A: negative energy resistance 1, electricity resistance, unbreathing,
petrification resistance, rot immunity, AC +4
a: no special abilities


You were on level 2 of the Dungeon.
You were not hungry.

You visited 1 branch of the dungeon, and saw 3 of its levels.

You collected 37 gold pieces.

Inventory:

Hand Weapons
 a - a +0 flail (weapon)
Armour
 b - a +0 scale mail (worn)
 c - a +0 shield (worn)
Wands
 q - a wand of acid (4/15)
Scrolls
 g - a scroll of random uselessness {unknown}
 i - a scroll of enchant armour {unknown}
 k - 2 scrolls of identify {unknown}
 l - a scroll of magic mapping {unknown}
 n - a scroll of teleportation {unknown}
 p - a scroll of fear {unknown}
 s - a scroll of remove curse {unknown}
Potions
 d - 3 potions of might
 e - a potion of curing {unknown}
 j - a potion of mutation {unknown}
 m - a potion of heal wounds {unknown}
Comestibles
 f - a bread ration
 h - a chunk of flesh
 o - a meat ration
 r - a fruit


   Skills:
 + Level 3.8 Fighting
 * Level 3.5 Maces & Flails
 + Level 3.8 Armour
 + Level 1.4 Dodging
 + Level 4.0 Shields


You had 4 spell levels left.
You didn't know any spells.

Dungeon Overview and Level Annotations

Branches:
Dungeon (3/15)

Altars:
Elyvilon
Kikubaaqudgha


Innate Abilities, Weirdness & Mutations

You are resistant to torment.
Your stone body is resilient. (AC +4)
You are immune to poison.
You resist negative energy. (rN+)
You are resistant to electric shocks. (rElec)
You can survive without breathing.
You are immune to petrification.
You are immune to rotting.


Message History

The wight barely misses you.
You barely miss the wight.
The wight is heavily damaged.
The wight hits you but does no damage.
You closely miss the wight.
The wight is heavily damaged.
The wight hits you but does no damage.
You hit the wight.
The wight is heavily damaged.
The wight hits you with a dire flail of freezing.
The wight freezes you.
The wight hits you with a dire flail of freezing.
The wight freezes you.
* * * LOW HITPOINT WARNING * * *
You hit the wight but do no damage.
The wight is heavily damaged.
The wight hits you with a dire flail of freezing!
* * * LOW HITPOINT WARNING * * *
The wight freezes you.
You die...

#.##...♣._.♣.....# #.##.##
#.###............# #...#.#
#.####≈..♣..≈#...# ####.##
#....#≈≈...≈≈#...# #.#
#.#.####...####### #.#
#.#.##....## #.#
#.#......### #.#
#.#........# #.#
#.#..##..#@# ######.#
#(.......#z########......#
####..).............######
#)#...#.##########
#.#####)# #.......#
#########


You could see a wight.

Vanquished Creatures
  Jessica (D:2)
  3 gnolls (D:2)
  4 adders (D:2)
  A worm (D:2)
  4 dart slugs (D:1)
  2 giant cockroaches (D:2)
  8 goblins
  2 hobgoblins
  3 jackals (D:2)
  6 kobolds
  7 bats
  A frilled lizard (D:1)
  6 rats
48 creatures vanquished.

Vanquished Creatures (others)
  A jackal (D:2)
  A quokka (D:2)
2 creatures vanquished.

Grand Total: 50 creatures vanquished

Notes
Turn   | Place    | Note
-------+----------+-------------------------------------------
     0 | D:1      | qqqbard the Gargoyle Fighter began the quest for the Orb.
     0 | D:1      | Reached XP level 1. HP: 14/14 MP: 1/1
   125 | D:1      | Reached XP level 2. HP: 17/19 MP: 2/2
   382 | D:1      | Reached XP level 3. HP: 23/23 MP: 3/3
   765 | D:2      | Noticed Jessica
   769 | D:2      | Killed Jessica
   769 | D:2      | Reached skill level 1 in Dodging
   769 | D:2      | Reached XP level 4. HP: 28/29 MP: 4/4
  1182 | D:2      | Found a white marble altar of Elyvilon.
  1417 | D:2      | Reached XP level 5. HP: 30/33 MP: 5/5
  1470 | D:2      | Reached skill level 4 in Shields
  1602 | D:2      | Found an ancient bone altar of Kikubaaqudgha.
  1688 | D:2      | HP: 1/33 [wight/dire flail of freezing (7)]
  1688 | D:2      | Slain by a wight

Vault maps used:
D:1:      lightli_arrival_quake
D:2:      lemuel_round_altar, elyvilon_altar_4, uniq_jessica
D:3:      lemuel_crystal_altar

Skill      XL: |  1  2  3  4  5 |
---------------+----------------+-----
Maces & Flails | 3 |  3.5
Dodging        | 1 |  1.4
Shields        | 4 |  4.0
Fighting       | |  3.8
Armour         | |  3.8

Action                   |  1- 3 |  4- 6 || total
-------------------------+-------+-------++-------
Melee: Flail             |    94 |   108 ||   202
  Eat: Chunk             |       |     3 ||     3
Armor: Scale mail        |    48 |    53 ||   101
Dodge: Dodged            |    29 |    47 ||    76
Block: Shield            |    46 |    65 ||   111
